 Dungeon Crawl Stone Soup version 0.30-a0-782-ge64f9170bb (webtiles) character file.

Game seed: 15884565447235574368

1771 mopl the Martial Artist (level 9, -3/70 HPs)
             Began as a Djinni Transmuter on Mar 3, 2023.
             Was an Initiate of Okawaru.
             Slain by a vampire mosquito (4 damage)
             ... on level 7 of the Dungeon.
             The game lasted 00:07:32 (4984 turns).

mopl the Martial Artist (Djinni Transmuter)         Turns: 4984, Time: 00:07:32

Health: -3/70      AC:  7    Str: 13    XL:     9   Next: 28%
Gold:   344        EV: 15    Int: 16    God:    Okawaru [......] SH:  0 Dex: 13

rFire   x . .      SeeInvis .      - Unarmed
rCold   + + +      Faith    .    (shield currently unavailable)
rNeg    . . .      Spirit   .    (body armour currently unavailable)
rPois   ∞          Reflect  .    (helmet currently unavailable)
rElec   .          Harm     .    (cloak currently unavailable)
rCorr   .          Rampage  .    (gloves currently unavailable)
Will    +....                    (boots unavailable)
Stlth   +                        (no amulet)
HPRegen 0.31/turn                g - +5 ring of evasion
MPRegen 0.00/turn                o - ring of willpower

@: about to teleport, ice-form, wereblooded, flying
A: freezing attack, flying, boosted hp, sickness immunity, large, (fire
resistance 2), (cold vulnerability 1), float, innate caster, HP casting, extra
vitality 1
a: End Transformation, Renounce Religion


You were on level 7 of the Dungeon.
You worshipped Okawaru.
Okawaru was noncommittal.
You were a creature of crystalline ice.
You visited 2 branches of the dungeon, and saw 8 of its levels.

You collected 344 gold pieces.

Inventory:

Hand Weapons
 l - the +8 spear of Guile (melded) {freeze, Str+4}
   (You found it on level 2 of the Dungeon)

   Str:       It affects your strength (+4).
 G - a +2 spear of venom
Missiles
 f - 5 curare-tipped darts
 z - 6 boomerangs
 C - 6 poisoned darts
 D - 3 silver boomerangs
Armour
 a - a +0 robe (melded)
 u - the +0 pair of gloves "Ugast" (melded) {*Slow Will+ Int+2 Dex+6}
   (You found it on level 3 of the Dungeon)

   Int:       It affects your intelligence (+2).
   Dex:       It affects your dexterity (+6).
   *Slow:     It may slow you when you take damage.
   Will:      It increases your willpower.
 x - a +1 pair of gloves
Jewellery
 g - a +5 ring of evasion (left front paw)
 o - a ring of willpower (right front paw)
 p - a +6 ring of intelligence
 K - a ring of positive energy
Wands
 I - a wand of light (5)
Scrolls
 c - a scroll of enchant weapon {unknown}
 d - a scroll of immolation {unknown}
 e - 2 scrolls of enchant armour {unknown}
 j - 4 scrolls of teleportation
 m - a scroll of summoning {unknown}
 s - 2 scrolls of poison {unknown}
 t - a scroll of fear {unknown}
 v - 3 scrolls of brand weapon {unknown}
 w - 2 scrolls of fog {unknown}
 y - 4 scrolls of noise {unknown}
 E - a scroll of vulnerability {unknown}
 J - a scroll of magic mapping {unknown}
Potions
 b - 2 potions of lignification {!q}
 h - 3 potions of curing
 i - a potion of heal wounds
 k - 2 potions of might
 q - a potion of invisibility
 r - a potion of mutation {!q}
 A - a potion of degeneration {unknown}
 B - 2 potions of flight {unknown}
 F - a potion of brilliance {unknown}
 H - a potion of ambrosia {unknown}


   Skills:
 + Level 2.4 Fighting
 + Level 1.3 Throwing
 + Level 3.4 Dodging
 * Level 9.1 Unarmed Combat
 + Level 4.8 Spellcasting
 + Level 1.7 Invocations


You couldn't memorise any spells.
You knew the following spells:

 Your Spells              Type           Power      Damage    Failure   Level
a - Beastly Appendage     Tmut           38%        N/A       2%          1
b - Spider Form           Tmut/Pois      19%        N/A       6%          3
c - Mephitic Cloud        Conj/Pois/Air  19%        N/A       6%          3
d - Ice Form              Ice/Tmut       19%        N/A       22%         4
e - Momentum Strike       Conj/Tloc      38%        3d9       3%          2
f - Freeze                Ice            76%        1d8       2%          1
n - Swiftness             Air            19%        N/A       6%          3
w - Wereblood             Tmut           19%        N/A       3%          2
Your spell library was empty.

Dungeon Overview and Level Annotations

Branches:
Dungeon (7/15)             Temple (1/1) D:4

Altars:
Cheibriados
Elyvilon
Fedhas
Gozag
Makhleb
Nemelex Xobeh
Okawaru
Qazlal
Ru
Uskayaw
Wu Jian
Yredelemnul
Zin
The Shining One
Lugonu

Shops:
D:6 :

Annotations:
D:5 2 transporters, mopl's ghost, amateur AtGl


Innate Abilities, Weirdness & Mutations

You are a creature of crystalline ice.
You have a powerful freezing melee attack.
You are flying.
Your maximum health is increased.
Your armour is entirely melded.
You are incapable of wielding weapons or throwing items.
You are immune to sickness and miasma.
You are immune to poison.
((Your flesh is very heat resistant. (rF++)))
((You are vulnerable to cold. (rC-)))
You float through the air rather than walking.
You learn spells naturally, not from books.
Your magical power is your life essence.
You have superior vitality. (+4 MHP)


Message History

You barely miss the orc.
You howl as the wereblood boils in your veins!
The vampire mosquito closely misses you.
The vampire mosquito bites you! The vampire mosquito barely misses you.
The vampire mosquito bites you. The orc hits you with a +0 club.
The vampire mosquito misses you.
You hit the orc but do no damage. The vampire mosquito barely misses you.
The vampire mosquito closely misses you.
The vampire mosquito misses you. The orc misses you.
The vampire mosquito bites you.
You punch the orc! You freeze the orc.
You feel a bit better.
You kill the orc!
Okawaru accepts your kill.
The vampire mosquito bites you. x2; The vampire mosquito barely misses you.
The vampire mosquito bites you.
The vampire mosquito completely misses you.
You pummel the vampire mosquito!! You freeze the vampire mosquito.
The vampire mosquito is almost destroyed.
The vampire mosquito bites you but does no damage.
The vampire mosquito bites you. x2; The vampire mosquito bites you!
* * * LOW HITPOINT WARNING * * *
The vampire mosquito bites you.
* * * LOW HITPOINT WARNING * * *
The vampire mosquito completely misses you.
As you read the scroll of teleportation, it crumbles to dust.
You feel strangely unstable. The vampire mosquito bites you.
* * * LOW HITPOINT WARNING * * *
The vampire mosquito closely misses you.
The vampire mosquito misses you. x2; The vampire mosquito barely misses you.
The vampire mosquito attacks as you move away!
The vampire mosquito closely misses you.
The vampire mosquito bites you!
* * * LOW HITPOINT WARNING * * *
The vampire mosquito bites you.
* * * LOW HITPOINT WARNING * * *
You see here 5 stones.
The vampire mosquito attacks as you move away!
The vampire mosquito closely misses you. x2
The vampire mosquito bites you.
You die...

.......... ..........#.
..................#..#.
......... ...#....#....
........ .......###...
#.....##...#......._#
#...).h...#.........
..####...?.......#≈≈≈...
.......yy.........≈.≈...
.......Yy......#..≈.≈...
..##..............≈.≈...
....................#...
.................#.###..
.###..........########..
#..........# #...
#........### ##..
#######..# ### #### #


You could see a black bear and 3 vampire mosquitoes.

Vanquished Creatures
  A vampire mosquito (D:7)
  Menkaure (D:4)
  A water moccasin (D:7)
  2 ice beasts (D:5)
  An ogre (D:4)
  3 black bears
  A centaur (D:6)
  A bullfrog (D:6)
  A necrophage (D:6)
  A gnoll sergeant (D:6)
  A scorpion (D:6)
  2 howler monkeys
  2 hounds
  A jelly (D:7)
  An orc priest (D:5)
  A gnoll bouda (D:6)
  2 orc wizards
  A scorpion zombie (D:3)
  A hound zombie (D:3)
  9 gnolls (D:6)
  5 adders
  A white imp (D:6)
  An ufetubus (D:6)
  An adder zombie (D:3)
  2 worms (D:3)
  A dart slug (D:3)
  15 orcs
  3 endoplasms
  4 giant cockroaches
  6 goblins
  2 hobgoblins (D:1)
  10 kobolds
  3 quokkas
  A ball python (D:1)
  A ball python zombie (D:3)
  9 bats
  6 frilled lizards
  12 rats
117 creatures vanquished.

Vanquished Creatures (others)
  2 plants (D:7)
2 creatures vanquished.

Grand Total: 119 creatures vanquished

Notes
Turn   | Place    | Note
-------+----------+-------------------------------------------
     0 | D:1      | mopl the Djinni Transmuter began the quest for the Orb.
     0 | D:1      | mopl set off with the following spells memorised: Beastly
                  | Appendage, Wereblood, Spider Form, Ice Form.
     0 | D:1      | Reached XP level 1. HP: 17/17 MP: 0/0
   118 | D:1      | Reached XP level 2. HP: 16/22 MP: 0/0
   521 | D:1      | Reached XP level 3. HP: 27/27 MP: 0/0
   521 | D:1      | Learned a level 1 spell: Freeze
   526 | D:1      | Reached skill level 2 in Spellcasting
   900 | D:2      | Reached skill level 4 in Unarmed Combat
   963 | D:2      | Identified the +8 spear of Guile {freeze, Str+4}
  1244 | D:2      | Reached XP level 4. HP: 32/32 MP: 0/0
  1528 | D:3      | Found a glowing silver altar of Zin.
  1662 | D:3      | Found a basalt altar of Yredelemnul.
  1671 | D:3      | Reached XP level 5. HP: 28/37 MP: 0/0
  1671 | D:3      | Learned a level 2 spell: Momentum Strike
  1862 | D:3      | Found a white marble altar of Elyvilon.
  1864 | D:3      | Reached skill level 5 in Unarmed Combat
  2039 | D:3      | Identified the +0 pair of gloves "Ugast" {*Slow Will+ Int+2
                  | Dex+6}
  2130 | D:4      | Noticed an ogre
  2133 | D:4      | Noticed a black bear
  2143 | D:4      | Killed an ogre
  2144 | D:4      | Reached XP level 6. HP: 42/42 MP: 0/0
  2145 | D:4      | Killed a black bear
  2146 | D:4      | Reached skill level 6 in Unarmed Combat
  2146 | D:4      | Reached skill level 3 in Spellcasting
  2154 | D:4      | Found a hide-covered altar of Uskayaw.
  2154 | D:4      | Noticed a +0 spear
  2154 | D:4      | Noticed a +0 short sword
  2154 | D:4      | Noticed a +0 spear
  2154 | D:4      | Noticed a +0 dagger
  2155 | D:4      | Noticed a +0 short sword
  2156 | D:4      | Noticed a +0 falchion
  2156 | D:4      | Noticed a +0 dagger
  2157 | D:4      | Noticed a +0 falchion
  2172 | D:4      | Found a staircase to the Ecumenical Temple.
  2244 | Temple   | Entered the Ecumenical Temple
  2574 | D:4      | Noticed Menkaure
  2578 | D:4      | Killed Menkaure
  2579 | D:4      | Reached XP level 7. HP: 47/47 MP: 0/0
  2579 | D:4      | Learned a level 3 spell: Swiftness
  2859 | D:5      | Entered Level 5 of the Dungeon
  2920 | D:5      | Reached skill level 7 in Unarmed Combat
  3011 | D:5      | Found a transporter.
  3096 | D:5      | Noticed mopl's ghost (amateur AtGl)
  3139 | D:6      | Reached XP level 8. HP: 30/52 MP: 0/0
  3160 | D:6      | Reached skill level 4 in Spellcasting
  3371 | D:5      | Found a transporter.
  3541 | D:5      | Reached skill level 8 in Unarmed Combat
  3930 | D:6      | Found Qeic Kesm's Book Emporium.
  3981 | D:6      | Found an iron altar of Okawaru.
  3984 | D:6      | Found an opulent altar of Gozag.
  3995 | D:6      | Became a worshipper of Warmaster Okawaru
  4398 | D:6      | Found a stormy altar of Qazlal.
  4406 | D:6      | Found a blossoming altar of Fedhas.
  4623 | D:6      | Reached XP level 9. HP: 58/58 MP: 0/0
  4623 | D:6      | Learned a level 3 spell: Mephitic Cloud
  4901 | D:7      | Reached skill level 2 in Fighting
  4901 | D:7      | Reached skill level 3 in Dodging
  4901 | D:7      | Reached skill level 1 in Invocations
  4903 | D:7      | Found an ornate altar of the Wu Jian Council.
  4923 | D:7      | Reached skill level 1 in Throwing
  4931 | D:7      | Reached skill level 9 in Unarmed Combat
  4983 | D:7      | HP: 2/70 [vampire mosquito (7)]
  4984 | D:7      | Slain by a vampire mosquito

Illustrated notes

Levels and vault maps discovered:
D:1:      saegor_arrival_simple_d, layout_loops_ring, minmay_stone_trees_small
D:2:      layout_basic, minmay_rat_gold_closets
D:3:      layout_basic, mainiacjoe_overflow_catwalk,
          nicolae_yredelemnul_corpse_copse, elyvilon_altar_5
D:4:      layout_loops_ring, nicolae_uskayaw_en_pointe,
          minmay_temple_entry_statues_fountains, uniq_menkaure
D:5:      layout_basic, gammafunk_ghost_mausoleum, kennysheep_generic_room_6
D:6:      layout_gridville, grunt_temple_overflow_cloverleaf, serial_shops, shop
D:7:      nzn_winding_woodlands_small [nzn_winding_woodlands_5x15_split_checker,
          nzn_winding_woodlands_center_pierced_h,
          nzn_winding_woodlands_5x15_longhouse], layout_cave_pools,
          riverfiend_overflow_shadow_ancestor, nicolae_sif_muna_little_library,
          overflow_temple_1_default, serial_bayou, serial_bayou_pond_d,
          serial_bayou_shore_b, serial_bayou_pond_a, serial_bayou_ford_a,
          chequers_serial_rivers_micro_d, minmay_holes
Temple:   corrupted_temple

Skill      XL: |  1  2  3  4  5  6  7  8  9 |
---------------+----------------------------+-----
Spellcasting   | 2 3 4 |  4.8
Unarmed Combat | 4 5 6 7 8 9 |  9.1
Fighting       | 2 |  2.4
Dodging        | 3 |  3.4
Invocations    | 1 |  1.7
Throwing       | 1 |  1.3

Action                     |  1- 3 |  4- 6 |  7- 9 || total
---------------------------+-------+-------+-------++-------
  Melee: Unarmed           |    96 |       |    19 ||   115
         Headbutt          |    14 |     3 |     5 ||    22
         Spear             |     6 |    84 |   138 ||   228
         Punch             |     1 |     3 |     5 ||     9
   Cast: Beastly Appendage |    16 |     2 |     3 ||    21
         Wereblood         |     1 |       |     2 ||     3
         Ice Form          |       |       |     2 ||     2
    Use: Scroll            |       |       |     8 ||     8
   Stab: Sleeping          |     2 |     6 |     2 ||    10
         Distracted        |       |       |     2 ||     2
 Armour: Robe              |    22 |     5 |     7 ||    34
         Skin              |       |       |     7 ||     7
  Dodge: Dodged            |    53 |    60 |   136 ||   249

Table legend: (Time is in decaauts)
 A = Elapsed time spent in this place.
 B = Non-inter-level travel time spent in this place.
 C = Inter-level travel time spent in this place.
 D = Time resting spent in this place.
 E = Time spent auto-exploring this place.
 F = Levels seen in this place.
 G = Mean time per level.
                   A        B        C        D        E       F      G
               +--------+--------+--------+--------+--------+-----+--------+
         Total |   5000 |   4828 |    172 |    738 |   3201 |   8 |  625.0 |
       Dungeon |   4958 |   4798 |    160 |    738 |   3184 |   7 |  708.3 |
        Temple |     41 |     29 |     12 |      0 |     17 |   1 |   41.0 |
               +--------+--------+--------+--------+--------+-----+--------+

Top non-repeatable levels by time:
     D:6: 1364 daAuts
     D:1: 887 daAuts
     D:4: 804 daAuts
     D:3: 657 daAuts
     D:5: 628 daAuts
     D:2: 517 daAuts
     D:7: 98 daAuts
  Temple: 41 daAuts
